AoeStats
← AiM | Facu1414

African Clearing

504943152Analyzed
4v4 RM · 26d ago on Sep 7, 2026· 45m 27s· 8 players
Game mode
Random Map
Map size
Large (8 player)
Population
200
Speed
Normal
Resources
Standard
Victory
Conquest
Starting age
Dark Age
Ending age
Imperial Age
RankedLock teamsTeams togetherTeam positionsShared explorationLock speedFull tech treeHidden civsTurbo modeCheats
Victory
Defeat
🇦🇷 Gurjaras · Argentina
1539
+12
🇲🇽 Vietnamese · Mexico
1532
+12
🇦🇷 Khitans · Argentina
1519
+13
🇧🇷 Sicilians · Brazil
1453
+15
🇺🇸 Mongols · United States
1482
-14
🇺🇸 Huns · United States
1463
-14
🇬🇧 Burmese · United Kingdom
1459
-14
🇨🇳 Hindustanis · China
1375
-10
AiM | Facu1414
12:35 Loom
14:21 Feudal Age
18:05 Castle Age
18:26 Scale Barding Armor
20:06 Double-Bit Axe
25:51 Husbandry
29:07 Chain Barding Armor
33:43 Bloodlines
40:57 Wheelbarrow
40:08 Town Watch
41:56 Horse Collar
AIM | Agua cate 98
8:25 Loom
11:08 Feudal Age
12:48 Double-Bit Axe
15:07 Forging
16:15 Domestication
18:07 Scale Barding Armor
25:22 Castle Age
25:28 Light Cavalry
26:34 Chain Barding Armor
26:50 Iron Casting
26:17 Husbandry
28:10 Wheelbarrow
32:46 Iron Casting
32:53 Town Watch
34:31 Pastoralism
38:58 Coinage
40:16 Bow Saw
47:22 Imperial Age
PoopMaster
5:47 Loom
28:17 Feudal Age
29:48 Wheelbarrow
29:06 Fishing Lines
29:35 Double-Bit Axe
32:20 Gold Mining
37:14 Castle Age
38:15 Hand Cart
38:15 Bow Saw
39:16 Gillnets
41:08 Gold Shaft Mining
44:24 Imperial Age
44:05 Scale Mail Armor
44:15 Forging
45:02 Chain Mail Armor
AiM | Fubuki Sinri
11:01 Loom
13:10 Feudal Age
17:32 Castle Age
16:14 Double-Bit Axe
17:45 Fletching
27:51 Bow Saw
27:22 Horse Collar
29:55 Heavy Plow
31:38 Wheelbarrow
30:48 Town Watch
31:17 Padded Archer Armor
31:20 Bodkin Arrow
32:47 Gold Mining
32:47 Stone Mining
33:27 Hand Cart
34:31 Ballistics
38:11 Imperial Age
37:11 Leather Archer Armor
38:20 Elite Rattan Archer
39:01 Bracer
40:05 Chemistry
39:31 Town Patrol
40:54 Stone Shaft Mining
43:10 Two-Man Saw
42:42 Crop Rotation
44:56 Ring Archer Armor
45:21 Siege Engineers
Vingtor
11:06 Feudal Age
12:07 Loom
12:26 Double-Bit Axe
13:50 Town Watch
14:54 Forging
19:41 Wheelbarrow
19:22 Scale Barding Armor
21:31 Bloodlines
26:40 Castle Age
26:39 Horse Collar
28:01 Iron Casting
27:56 Bow Saw
28:08 Husbandry
32:28 Gold Mining
34:51 Chain Barding Armor
38:17 Wheelbarrow
40:49 Hand Cart
jimmy
4:58 Loom
14:00 Feudal Age
18:22 Castle Age
16:59 Double-Bit Axe
18:05 Fletching
19:46 Bodkin Arrow
21:09 Town Watch
26:41 Ballistics
26:24 Husbandry
26:34 Padded Archer Armor
28:08 Horse Collar
33:25 Wheelbarrow
33:04 Bloodlines
33:58 Gold Mining
36:48 Leather Archer Armor
37:31 Thumb Ring
39:11 Hand Cart
43:29 Imperial Age
42:08 Gold Shaft Mining
42:36 Heavy Plow
42:47 Bow Saw
44:29 Forging
44:25 Scale Barding Armor
鱼鱼
14:03 Feudal Age
12:30 Loom
20:34 Castle Age
35:16 Wheelbarrow
37:39 Double-Bit Axe
41:43 Bow Saw
41:28 Stone Mining
43:22 Hand Cart
43:24 Gold Mining
GrimLOL
3:44 Loom
12:44 Feudal Age
12:50 Man-at-Arms
43:27 Castle Age
Connection lost

Rejoining the realm…

Still unreachable

The connection could not be restored.

Session expired

The server has moved on; the page needs a fresh start.